 Dungeon Crawl Stone Soup version 0.23.0-28-g6fe0f4dc8b (webtiles) character file.

Game seed: 0

6608 Kniotic the Martial Artist (level 10, -6/70 HPs)
             Began as a Demonspawn Monk on Feb 25, 2019.
             Was a Priest of Wu Jian.
             Mangled by a troll (13 damage)
             ... on level 11 of the Dungeon.
             The game lasted 00:24:45 (10108 turns).

Kniotic the Martial Artist (Demonspawn Monk)       Turns: 10108, Time: 00:24:46

Health: -6/70      AC: 16    Str: 11    XL:     10   Next: 71%
Magic:  10/10      EV: 17    Int: 11    God:    Wu Jian [***...]
Gold:   280        SH:  5    Dex: 20    Spells: 8/9 levels left

rFire    + . .     SeeInvis .     - Unarmed
rCold    . . .     Gourm    .   (no shield)
rNeg     . . .     Faith    .   E - +1 robe {rF+}
rPois    .         Spirit   .   g - +2 hat
rElec    .         Reflect  +   j - +2 cloak
rCorr    .         Harm     .   (no gloves)
MR       .....                  d - +0 pair of boots {Fly}
Stlth    +++.......             y - +5 amulet of reflection
HPRegen  0.21/turn              i - ring of stealth
MPRegen  0.12/turn              u - +5 ring of protection

@: flying
A: claws 1, thin metallic scales 1, demonic guardian 1, foul stench 2, rot
immunity
a: Wall Jump, Serpent's Lash, Renounce Religion, Stop Flying


You were on level 11 of the Dungeon.
You worshipped Wu Jian.
Wu Jian was most pleased with you.
You were not hungry.

You visited 2 branches of the dungeon, and saw 13 of its levels.

You collected 520 gold pieces.
You spent 240 gold pieces at shops.

Inventory:

Hand Weapons
 r - a +0 blowgun
Missiles
 s - 46 poisoned needles
 w - 6 needles of confusion
 M - 8 needles of sleeping
Armour
 d - a +0 pair of boots of flying (worn)
 g - a +2 hat (worn)
 j - a +2 cloak (worn)
 E - a +1 robe of fire resistance (worn)
Jewellery
 a - an uncursed ring of poison resistance {unknown}
 i - a ring of stealth (left claw)
 u - a +5 ring of protection (right claw)
 y - a +5 amulet of reflection (around neck)
 H - a cursed ring of teleportation {unknown}
 L - an uncursed ring of magical power {unknown}
 N - an uncursed amulet of rage {unknown}
Wands
 D - a wand of polymorph (7)
 F - a wand of disintegration (14)
 G - a wand of flame (12)
 I - a wand of paralysis (11)
Scrolls
 h - 8 scrolls of teleportation
 m - 9 scrolls of identify
 n - 2 scrolls of random uselessness {unknown}
 o - a scroll of magic mapping {unknown}
 q - 4 scrolls of immolation
 t - 10 scrolls of remove curse
 x - 2 scrolls of enchant armour {unknown}
 z - a scroll of torment {unknown}
 A - a scroll of enchant weapon {unknown}
 J - a scroll of fog {unknown}
 K - a scroll of acquirement {unknown}
Potions
 c - a potion of might
 e - 2 potions of lignification {unknown}
 f - a potion of flight {unknown}
 k - 2 potions of heal wounds {unknown}
 l - a potion of curing
 p - a potion of resistance
 v - a potion of berserk rage {unknown}
 B - a potion of agility {unknown}
Comestibles
 b - 12 rations
 C - 8 chunks of flesh


   Skills:
 - Level 3.0 Fighting
 * Level 6.5 Dodging
 - Level 1.7 Stealth
 - Level 13.0 Unarmed Combat
 + Level 4.3 Hexes


You had 8 spell levels left.
You knew the following spells:

 Your Spells              Type           Power        Failure   Level  Hunger
a - Confusing Touch       Hex            #.....       6%          1    ##.....

Your spell library contained the following spells:

 Spells                   Type           Power        Failure   Level  Hunger
 Confuse                  Hex            #.......     19%         3    ####...
 Gell's Gravitas          Tloc           #.........   71%         3    ####...
 Petrify                  Tmut/Erth      #.......     98%         4    #####..
 Metabolic Englaciation   Hex/Ice        #.........   99%         5    ######.
 Yara's Violent Unravell  Hex/Tmut       #.........   99%         5    ######.


Dungeon Overview and Level Annotations

Branches:
Dungeon (12/15)            Temple (1/1) D:7
   Lair: D:8-11         Orc: D:9-12

Altars:
Ashenzari
Cheibriados
Dithmenos
Elyvilon
Fedhas
Hepliaklqana
Nemelex Xobeh
Okawaru
Ru
Trog
Uskayaw
Vehumet
Wu Jian
Xom
Yredelemnul
Zin
The Shining One

Shops:
D:4 [   D:5 ::

Annotations:
D:3 3 runed translucent doors, Sondor's ghost, amateur DsCK
D:6 2 transporters, LLavrengius's ghost, novice OpTm


Innate Abilities, Weirdness & Mutations

You have sharp fingernails.
You are partially covered in thin metallic scales. (AC +2)
A weak demonic guardian rushes to your aid.
You frequently emit foul miasma when damaged in melee.
You are immune to rotting.


Message History

Items here: ! ) = [ a +0 quarterstaff of freezing; a +2 robe of cold resistance an uncursed ring of ice; a potion of haste Your iron imp disappears in a puff of smoke!
You spin and attack the troll.
You claw the troll! You claw the troll, but do no damage.
The troll is moderately wounded.
The troll misses you. The troll claws you but does no damage.
The troll looks sick.
The troll claws you.
You spin and attack the troll repeatedly.
You scratch the troll but do no damage. You claw the troll, but do no damage.
The troll is lightly wounded.
You scratch the troll but do no damage.
The troll is lightly wounded.
The troll bites you!
* * * LOW HITPOINT WARNING * * *
You emit a cloud of foul miasma!
The troll claws you!
* * * LOW HITPOINT WARNING * * *
The troll claws you!
You die...

.# ..#. ###...........h.. .#
.'.####.................
.##########....................5.
................................h
...........................######
..............%............#....#
........o.....)............'....#
........######5.T..#######.#....#
...... #....#..@..# #.######
...######....#.....## #....÷.h
...#.........#####..# #.....h.
.###.............'..# #....h..
.#...............#..# #...####
.#...............#.## #.h.#
##.÷.............#.# #.(.#
......###........#.# #...#
......# ###...####.# #.h.#


You could see a troll (pinned) and a friendly shadow imp.

Vanquished Creatures
  Fannar (D:11)
  A two-headed ogre (D:8)
  Erica (D:11)
  A centaur skeleton (D:12)
  A queen bee (D:8)
  A troll (D:11)
  2 hippogriffs
  A hungry ghost (D:11)
  Menkaure (D:7)
  Duvessa (D:7)
  2 ice beasts
  A phantom (D:6)
  A centaur (D:11)
  2 ogres
  2 big kobolds
  3 wolves (D:11)
  4 bullfrogs
  A wyvern zombie (D:6)
  Dowan (D:7)
  2 scorpions
  17 killer bees
  2 howler monkeys
  A centaur zombie (D:8)
  3 jellies
  4 hounds
  5 orc priests
  2 orc wizards
  2 iguanas
  3 worker ants
  10 adders
  2 shadow imps (D:6)
  4 oozes
  An adder skeleton (D:7)
  4 worms
  4 dart slugs
  4 leopard geckos
  21 orcs
  A ball python (D:3)
  7 bats
  4 giant cockroaches
  11 goblins
  5 hobgoblins
  9 jackals
  15 kobolds
  6 quokkas
  6 frilled lizards
  A quokka skeleton (D:4)
  13 rats
197 creatures vanquished.

Vanquished Creatures (collateral kills)
  Maurice (D:8)
  An ogre (D:6)
  A phantom (D:8)
  A killer bee (D:8)
  A howler monkey (D:6)
  A crimson imp (D:8)
  A bullfrog skeleton (D:8)
  An orc priest (D:11)
  2 orc wizards
  3 orcs
  A kobold (D:8)
14 creatures vanquished.

Vanquished Creatures (others)
  An orc wizard (D:11)
  5 plants (D:6)
6 creatures vanquished.

Grand Total: 217 creatures vanquished

Notes
Turn   | Place    | Note
-------+----------+-------------------------------------------
     0 | D:1      | Kniotic the Demonspawn Monk began the quest for the Orb.
     0 | D:1      | Reached XP level 1. HP: 18/18 MP: 1/1
   183 | D:1      | Reached skill level 3 in Unarmed Combat
   581 | D:1      | Gained mutation: You are immune to rotting. [demonic
                  | ancestry]
   581 | D:1      | Reached XP level 2. HP: 17/24 MP: 2/2
  1016 | D:2      | Gained mutation: You may emit foul miasma when damaged in
                  | melee. [demonic ancestry]
  1016 | D:2      | Reached XP level 3. HP: 29/29 MP: 3/3
  1042 | D:2      | Reached skill level 4 in Unarmed Combat
  1720 | D:2      | Gained mutation: You have sharp fingernails. [demonic
                  | ancestry]
  1720 | D:2      | Reached XP level 4. HP: 11/35 MP: 4/4
  2026 | D:2      | Found a sparkling altar of Nemelex Xobeh.
  2034 | D:2      | Found a hide-covered altar of Uskayaw.
  2134 | D:2      | Reached skill level 5 in Unarmed Combat
  2489 | D:2      | Gained mutation: A weak demonic guardian rushes to your
                  | aid. [demonic ancestry]
  2489 | D:2      | Reached XP level 5. HP: 34/41 MP: 5/5
  2906 | D:3      | Found a white marble altar of Elyvilon.
  3050 | D:3      | Reached skill level 6 in Unarmed Combat
  3202 | D:3      | Found a runed translucent gate.
  3202 | D:3      | Found a runed translucent gate.
  3205 | D:3      | Found a runed translucent gate.
  3206 | D:3      | Noticed Sondor's ghost (amateur DsCK)
  3595 | D:4      | Found Vuqagg's Armour Boutique.
  3606 | D:4      | Found an iron altar of Okawaru.
  3706 | D:4      | Gained mutation: You are partially covered in thin metallic
                  | scales. (AC +2) [demonic ancestry]
  3706 | D:4      | Reached XP level 6. HP: 47/47 MP: 6/6
  4505 | D:5      | Entered Level 5 of the Dungeon
  4516 | D:4      | Reached skill level 7 in Unarmed Combat
  4793 | D:5      | Found Ruel's Book Emporium.
  4798 | D:5      | Bought a book of Misfortune for 240 gold pieces
  4800 | D:5      | Learned a level 1 spell: Confusing Touch
  4830 | D:5      | Reached XP level 7. HP: 47/52 MP: 7/7
  4874 | D:5      | Found Cir Jir's Book Emporium.
  4910 | D:5      | Found a hazy altar of Hepliaklqana.
  4911 | D:5      | Found a shimmering altar of Xom.
  4911 | D:5      | Noticed a hell beast
  4912 | D:5      | Noticed a spectral ugly thing
  4912 | D:5      | Noticed a hell beast
  5225 | D:6      | Identified the +2 buckler "Jiat" {rC+ Str+4 Int+4 SInv}
  5256 | D:6      | Reached skill level 8 in Unarmed Combat
  5433 | D:6      | Found a hide-covered altar of Uskayaw.
  5577 | D:6      | Found a shattered altar of Ashenzari.
  5586 | D:6      | Gained mutation: You frequently emit foul miasma when
                  | damaged in melee. [demonic ancestry]
  5586 | D:6      | Reached XP level 8. HP: 56/58 MP: 8/8
  5587 | D:6      | Reached skill level 9 in Unarmed Combat
  5816 | D:6      | Noticed LLavrengius's ghost (novice OpTm)
  5820 | D:6      | Found a transporter.
  5826 | D:6      | Found a transporter.
  5921 | D:7      | Found a staircase to the Ecumenical Temple.
  5935 | Temple   | Entered the Ecumenical Temple
  5987 | Temple   | Became a worshipper of the Wu Jian Council
  5987 | Temple   | Reached * piety under Wu Jian
  5987 | Temple   | Reached ** piety under Wu Jian
  6005 | D:7      | Noticed Menkaure
  6012 | D:7      | Killed Menkaure
  6136 | D:7      | Found a blossoming altar of Fedhas.
  6233 | D:7      | Noticed Duvessa
  6235 | D:7      | Noticed Dowan
  6248 | D:7      | Killed Duvessa
  6253 | D:7      | Killed Dowan
  6359 | D:7      | Reached skill level 10 in Unarmed Combat
  6664 | D:8      | Noticed Maurice
  6777 | D:8      | Killed Maurice
  6945 | D:8      | Reached skill level 11 in Unarmed Combat
  6951 | D:8      | Reached XP level 9. HP: 23/63 MP: 9/9
  7294 | D:8      | Noticed a two-headed ogre
  7334 | D:8      | Killed a two-headed ogre
  7558 | D:8      | Reached skill level 12 in Unarmed Combat
  7622 | D:8      | Found a snail-covered altar of Cheibriados.
  7791 | D:8      | Noticed a queen bee
  7812 | D:8      | HP: 3/63 [poisoned by a killer bee]
  7818 | D:8      | HP: 1/63 [killer bee (12)]
  8182 | D:8      | Killed a queen bee
  8675 | D:9      | Reached skill level 13 in Unarmed Combat
  8675 | D:9      | Reached XP level 10. HP: 59/70 MP: 10/10
  8689 | D:9      | You are sucked into a shaft for 3 floors!
  8698 | D:12     | Reached *** piety under Wu Jian
  8713 | D:12     | Reached skill level 1 in Hexes
  8990 | D:11     | Noticed Erica
  8999 | D:11     | Killed Erica
  9488 | D:11     | Reached skill level 5 in Dodging
  9586 | D:11     | Identified the +5 spear of Defilement {pain, -Tele rElec
                  | MR+ Int+2}
  9596 | D:11     | Paralysed by an orc priest for 5 turns
  9647 | D:11     | HP: 3/70 [orc warrior/bolt (21)]
 10040 | D:10     | Entered Level 10 of the Dungeon
 10080 | D:11     | Noticed Fannar
 10100 | D:11     | Killed Fannar
 10108 | D:11     | Mangled by a troll

Skill      XL: |  1  2  3  4  5  6  7  8  9 10 |
---------------+-------------------------------+-----
Unarmed Combat | 3 4 5 6 7 8 11 13 | 13.0
Dodging        | 6 |  6.5
Hexes          | 4 |  4.3
Fighting       | |  3.0
Stealth        | |  1.7

Action                   |  1- 3 |  4- 6 |  7- 9 | 10-12 || total
-------------------------+-------+-------+-------+-------++-------
Melee: Unarmed           |   144 |   140 |   331 |   118 ||   733
       Punch             |     2 |     4 |    16 |    10 ||    32
 Fire: Blowgun           |       |       |     2 |       ||     2
Invok: Whirlwind         |       |       |    31 |    30 ||    61
       Lunge             |       |       |    18 |     8 ||    26
 Abil: Wall Jump         |       |       |     5 |     1 ||     6
  Use: Scroll            |       |       |     4 |       ||     4
       Potion            |       |       |     4 |     2 ||     6
 Stab: Sleeping          |     8 |     7 |     7 |     5 ||    27
       Distracted        |       |       |     2 |       ||     2
  Eat: Chunk             |     3 |     9 |    10 |     4 ||    26
       Ration            |       |       |     1 |       ||     1
Armor: Robe              |    55 |    37 |   118 |    27 ||   237
Dodge: Dodged            |   142 |    99 |   169 |    59 ||   469
Block: Other             |       |       |    44 |    21 ||    65
       Reflection        |       |       |     1 |     2 ||     3
